Map: Eastwatch LE

Players

Guru - Winner!

  • Race: Zerg Zerg
  • Spawn Location: 7:00

ssy

  • Race: Zerg Zerg
  • Spawn Location: 1:00

Event: WCS Leipzig 2018

VOD

Have the link to the VOD?

Description

Time

  • Played on: Jan. 26, 2018, 7:40 a.m.
  • Length: 8:22

All games in this series

Show
View Real Time Build Order
Export as new Build Order

Guru Zerg - Winner!

Build Orders: Hatch First 

Get SALT Encoding   

  12  0:00  Drone  
  13  0:13  Overlord  
  13  0:17  Drone  
  14  0:31  Drone x2  
  14  0:35  Drone  
  17  0:53  Hatchery  
  17  0:55  Drone  
  17  1:00  Drone  
  18  1:09  Extractor  
  17  1:14  Spawning Pool  
  17  1:16  Drone  
  17  1:19  Drone  
  18  1:28  Drone  
  19  1:59  Drone  
  19  2:00  Queen  
  22  2:05  Queen  
  22  2:06  Zergling x4  
  26  2:09  Metabolic Boost  
  26  2:10  Drone  
  27  2:16  Overlord  
  27  2:18  Drone  
  28  2:35  Drone x2  
  30  2:38  Baneling Nest  
  30  2:44  Hatchery  
  28  2:45  Drone  
  28  2:48  Drone  
  28  2:51  Drone  
  31  2:56  Overlord  
  31  3:03  Zergling x2  
  32  3:12  Drone x2  
  34  3:13  Drone x2  
  34  3:15  Drone x3  
  34  3:17  Drone  
  40  3:23  Baneling  
  40  3:24  Baneling x2  
  40  3:25  Drone x2  
  42  3:33  Overlord  
  42  3:37  Overlord  
  42  3:38  Baneling  
  42  3:41  Zergling x4  
  44  3:42  Baneling  
  44  3:45  Overlord  
  43  3:51  Zergling x2  
  43  3:54  Zergling x2  
  43  3:55  Zergling x6  
  48  4:00  Zergling x2  
  48  4:01  Zergling x2  
  49  4:11  Zergling x6  
  50  4:17  Queen x2  
  50  4:18  Queen  
  50  4:20  Baneling x2  
  50  4:22  Zergling x4  
  56  4:27  Extractor, Evolution Chamber  
  56  4:30  Drone x3  
  57  4:32  Drone  
  57  4:33  Drone  
  57  4:35  Drone  
  57  4:37  Drone  
  61  4:40  Drone x2  
  63  4:47  Roach Warren  
  63  4:49  Drone, Extractor  
  62  4:54  Drone  
  62  4:55  Drone x2  
  62  4:57  Zerg Missile Weapons Level 1  
  62  4:58  Drone  
  66  5:06  Drone x2  
  69  5:07  Drone x2  
  69  5:10  Baneling  
  69  5:11  Baneling, Overlord  
  70  5:14  Overlord  
  69  5:22  Overlord  
  69  5:24  Overlord  
  69  5:25  Lair  
  69  5:27  Drone x2  
  69  5:28  Drone  
  72  5:31  Drone  
  72  5:32  Extractor  
  72  5:33  Drone x2  
  72  5:35  Drone  
  75  5:37  Roach  
  75  5:40  Baneling  
  75  5:41  Baneling  
  77  5:44  Roach x2  
  77  5:48  Roach x2  
  85  5:50  Drone x2  
  85  5:51  Drone  
  85  5:54  Unknown  
  85  5:56  Drone  
  88  6:00  Roach x2  
  88  6:01  Roach  
  94  6:08  Drone x3  
  94  6:09  Drone  
  94  6:10  Roach x2  
  102  6:12  Roach  
  104  6:20  Overlord  
  104  6:21  Overlord  
  104  6:25  Extractor x2, Overseer, Overlord  
  103  6:26  Overlord  
  103  6:27  Roach, Glial Reconstitution  
  103  6:28  Overlord  
  104  6:32  Overlord  
  104  6:34  Drone  
  105  6:40  Drone  
  105  6:41  Roach x5  
  105  6:42  Roach  
  105  6:43  Roach  
  117  6:48  Drone  
  117  6:50  Drone, Evolution Chamber  
  117  6:51  Roach x2  
  120  6:54  Roach x2  
  120  7:00  Roach x2  
  120  7:01  Drone, Roach  
  125  7:09  Drone x2  
  125  7:15  Hydralisk Den  
  126  7:27  Roach x3  
  126  7:28  Roach  
  126  7:29  Overlord  
  134  7:30  Roach x2  
  134  7:31  Roach x2  
  134  7:35  Roach  
  134  7:36  Roach x4  
  152  7:42  Overlord  
  152  7:43  Overseer  
  152  7:45  Unknown  
  152  7:47  Overlord  
  152  7:49  Roach x3  
  152  7:50  Roach  
  160  7:51  Roach  
Show
View Real Time Build Order
Export as new Build Order

ssy Zerg 

Build Orders: Hatch First, Zergling Baneling 

Get SALT Encoding   

  12  0:00  Drone  
  13  0:12  Overlord  
  13  0:16  Drone  
  14  0:30  Drone x2  
  16  0:36  Drone  
  17  0:51  Hatchery  
  17  0:55  Drone  
  17  0:58  Drone  
  18  1:09  Extractor  
  17  1:13  Spawning Pool  
  17  1:16  Drone  
  17  1:20  Drone  
  18  1:27  Drone  
  19  1:38  Overlord  
  19  1:49  Drone  
  20  1:59  Queen  
  20  2:00  Zergling x2  
  23  2:03  Queen  
  23  2:04  Zergling x2  
  26  2:12  Metabolic Boost  
  26  2:16  Zergling x2  
  26  2:17  Drone  
  28  2:23  Drone  
  28  2:26  Drone  
  30  2:32  Drone  
  31  2:39  Hatchery  
  31  2:43  Drone  
  31  2:49  Baneling Nest  
  30  2:53  Drone  
  30  2:54  Drone  
  32  2:59  Overlord  
  32  3:01  Drone  
  32  3:04  Drone  
  34  3:09  Zergling x4  
  36  3:17  Zergling x8  
  40  3:24  Zergling x4  
  42  3:27  Zergling x2  
  42  3:32  Zergling x2  
  44  3:36  Baneling x2  
  44  3:40  Overlord  
  44  3:45  Overlord  
  44  3:51  Drone x3  
  44  3:52  Zergling x4  
  44  3:53  Drone x2  
  44  4:04  Drone  
  44  4:05  Zergling x4  
  47  4:16  Zergling x6  
  47  4:17  Drone x2  
  47  4:22  Drone x2, Lair  
  47  4:23  Evolution Chamber  
  47  4:24  Zergling x2  
  51  4:25  Baneling x2  
  51  4:31  Spine Crawler, Zergling x2  
  51  4:33  Baneling x2  
  51  4:35  Drone  
  51  4:36  Drone  
  53  4:43  Drone x3  
  56  4:46  Extractor  
  56  4:47  Extractor  
  56  4:49  Baneling x2  
  54  4:56  Zergling x4  
  54  4:59  Zergling x4  
  58  5:03  Drone x3  
  58  5:04  Drone x3  
  64  5:08  Roach Warren  
  62  5:24  Drone x3, Zerg Missile Weapons Level 1  
  62  5:25  Drone  
  63  5:32  Overlord  
  63  5:33  Overseer  
  63  5:38  Drone x2  
  63  5:42  Overlord  
  65  5:49  Queen  
  65  5:51  Glial Reconstitution  
  66  5:57  Drone x5  
  66  6:02  Drone x3, Overlord x2  
  74  6:05  Drone x2  
  74  6:07  Extractor  
  75  6:19  Roach x3  
  81  6:26  Roach x6, Extractor  
  81  6:27  Extractor  
  81  6:31  Roach x3  
  97  6:39  Zergling x2  
  97  6:40  Overlord x2  
  89  6:50  Roach x2  
  89  6:51  Roach  
  94  6:57  Drone x5  
  94  6:58  Drone x2  
  93  7:02  Drone  
  93  7:06  Drone, Evolution Chamber  
  94  7:14  Roach  
  94  7:15  Roach  
  98  7:17  Drone  
  97  7:24  Roach x2  
  101  7:32  Drone x2  
  101  7:36  Ravager x2, Overlord x2  
  101  7:37  Overlord x2  
  105  7:38  Roach x3  
  111  7:45  Roach  
  111  7:47  Zergling x2  
  109  7:51  Hatchery  
  109  7:52  Roach x3  
  109  7:58  Roach x4  
  109  7:59  Roach x2  
  109  8:02  Roach  
  109  8:04  Unknown  
  109  8:05  Unknown x2  
Tags
 
Add a new tag
Caveats
  • Supply blocks, unpowered buildings, or Contaminate may cause inaccurate times.
  • Supply counts are checked every 10 seconds.